 Dungeon Crawl Stone Soup version 0.27.1-4-g1640c2035a (webtiles) character file.

Game seed: 2464294503076508277

92830 Urokeeper the Bludgeoner (level 15, -4/144 (145) HPs)
             Began as a Minotaur Berserker on Nov 9, 2021.
             Was a High Priest of Trog.
             Slain by a profane servitor (12 damage)
             ... on level 2 of the Abyss.
             The game lasted 00:59:35 (18519 turns).

Urokeeper the Bludgeoner (Minotaur Berserker)      Turns: 18519, Time: 00:59:35

HP:   -4/144 (145)  AC: 13    Str: 30 (31) XL:     15   Next: 59%
MP:   9/9           EV: 17    Int:  0      God:    Trog [*****.]
Gold: 1458          SH:  0    Dex:  6      Spells: 14/14 levels left

rFire    + . .     SeeInvis +   m - +5 great mace (freeze)
rCold    . . .     Faith    .   (shield currently unavailable)
rNeg     + + .     Spirit   .   F - +4 ring mail {rPois}
rPois    +         Reflect  .   (helmet restricted)
rElec    .         Harm     .   d - +0 cloak
rCorr    .         Rampage  .   (no gloves)
Will     +....     Rnd*Rage +   O - +0 pair of boots
Stlth    ..........             (no amulet)
HPRegen  0.00/turn              k - ring "Titoly" {Drain rN+ EV+4 Str+3 SInv}
MPRegen  0.11/turn              Q - ring of Panentheism {rF+ rN+}

@: berserking, lethally poisoned (-4 -> -38), unable to read, inhibited regen,
slowed, lost intelligence, wreathed by umbra, lightly drained
A: horns 2, retaliatory headbutt, strong 2, inability to read while threatened,
[berserk 3], [clumsy 2], [deformed body], [deterioration 2], [dopey 2], [frail
3], low mp 1[+2], [screaming 2], [inhibited regeneration], [weak 2], [no potion
heal 2]
a: Renounce Religion, Berserk, Trog's Hand, Brothers in Arms


You were on level 2 of the Abyss.
You worshipped Trog.
Trog was extremely pleased with you.
You visited 2 branches of the dungeon, and saw 18 of its levels.
You visited the Abyss 1 time.

You collected 1458 gold pieces.

Inventory:

Hand Weapons
 a - a +0 mace
 j - a +1 flail of draining
 m - a +5 great mace of freezing (weapon)
 G - a +0 morningstar
 L - a +4 dire flail of flaming
Missiles
 n - 2 throwing nets
 R - 7 datura-tipped darts
Armour
 d - a +0 cloak (worn)
 g - a +0 plate armour
 F - a +4 ring mail of poison resistance (worn)
 O - a +0 pair of boots (worn)
Jewellery
 k - the ring "Titoly" (left hand) {Drain rN+ EV+4 Str+3 SInv}
   (You acquired it on level 8 of the Dungeon)

   [ring of evasion]

   EV:        It affects your evasion (+4).
   Str:       It affects your strength (+3).
   rN:        It protects you from negative energy.
   SInv:      It lets you see invisible.
   Drain:     It drains your maximum health when unequipped.
 v - the ring of Symmetry {rF+++ rN+ Will+++ Slay-2}
   (You found it on level 9 of the Dungeon)

   [ring of positive energy]

   Slay:      It affects your accuracy & damage with ranged weapons and melee
   (-2).
   rF:        It renders you almost immune to fire.
   rN:        It protects you from negative energy.
   Will:      It greatly increases your willpower.
 Q - the ring of Panentheism (right hand) {rF+ rN+}
   (You found it on level 6 of the Lair of Beasts)

   [ring of positive energy]

   rF:        It protects you from fire.
   rN:        It protects you from negative energy.
Wands
 b - a wand of polymorph (12)
 p - a wand of iceblast (4) (quivered)
 r - a wand of digging (12)
 u - a wand of mindburst (19)
 y - a wand of charming (5)
 z - a wand of flame (60)
 K - a wand of acid (8)
Scrolls
 f - 12 scrolls of teleportation
 h - 4 scrolls of enchant armour
 i - 4 scrolls of fog
 o - a scroll of torment
 s - 2 scrolls of magic mapping
 x - a scroll of fear
 I - a scroll of vulnerability {unknown}
 J - a scroll of immolation {unknown}
 M - a scroll of brand weapon
 N - a scroll of silence {unknown}
Potions
 e - 2 potions of heal wounds
 l - 2 potions of curing
 t - 6 potions of flight
 w - 2 potions of ambrosia
 B - 3 potions of lignification
 H - 2 potions of attraction
 P - a potion of might {unknown}


   Skills:
 * Level 14.7 Fighting
 - Level 20.0 Maces & Flails
 * Level 14.5 Armour
 + Level 10.0 Dodging


You had 14 spell levels left.
You didn't know any spells.
Your spell library was empty.

Dungeon Overview and Level Annotations

Branches:
Dungeon (12/15)            Temple (0/1) D:4            Lair (6/6) D:8
 Shoals (0/4) Lair:3       Spider (0/4) Lair:4        Slime (0/5) Lair:5
    Orc: D:9-12

Altars:
Dithmenos
Fedhas
Gozag
Hepliaklqana
Kikubaaqudgha
Makhleb
Nemelex Xobeh
Qazlal
Xom
The Shining One
Jiyva

Shops:
D:7 *   D:10 *(   D:11 *


Innate Abilities, Weirdness & Mutations

You have a pair of horns on your head.
You reflexively headbutt those who attack you in melee.
Your muscles are very strong. (Str +4)
You sometimes lose the ability to read scrolls when taking damage.
[You have an uncontrollable temper.]
[You are very clumsy. (Dex -4)]
[Armour fits poorly on your strangely shaped body.]
[Your body often deteriorates upon taking damage.]
[You are very dopey. (Int -4)]
[You are extremely frail. (-30% HP)]
[Your magical capacity is extremely low. (-30% MP)]
[You frequently scream uncontrollably at your foes.]
[You do not regenerate when monsters are visible.]
[You are very weak. (Str -4)]
[Potions cannot restore your health.]


Message History

You cannot read scrolls in your current state!
It was a potion of experience.
You feel more experienced!
Your Dodging skill increases to level 10!
You have reached level 15!
Your experience leads to an increase in your attributes!
Your base attributes are Str 27, Int 4, Dex 10.
Increase (S)trength, (I)ntelligence, or (D)exterity?
You feel stronger.
The profane servitor hits you with a +2 demon whip of venom!
Your body deteriorates!
You feel weakened.
The profane servitor draws strength from your injuries!
You are poisoned.
The profane servitor barely misses you.
A tentacle flies out from the starspawn's body!
The profane servitor hits you with a +2 demon whip of venom.
You are more poisoned.
The profane servitor hits you with a +2 demon whip of venom.
You partially resist.
You feel drained.
The wretched star pulses with an eldritch light!
You feel the urge to shout.
You feel a strong urge to scream.
A starspawn tentacle comes into view.
A red film seems to cover your vision as you go berserk!
You feel yourself moving faster!
You feel mighty!
You feel extremely sick. The harpy completely misses you.
You furiously retaliate!
You headbutt the harpy! The harpy misses you.
The profane servitor hits you with a +2 demon whip of venom!!
* * * LOW HITPOINT WARNING * * *
The profane servitor draws strength from your injuries!
The profane servitor hits you with a +2 demon whip of venom.
* * * LOW HITPOINT WARNING * * *
You are lethally poisoned!
The harpy completely misses you. You furiously retaliate!
You headbutt the harpy. The harpy claws you but does no damage.
The profane servitor hits you with a +2 demon whip of venom!
* * * LOW HITPOINT WARNING * * *
The profane servitor draws strength from your injuries!
The profane servitor hits you with a +2 demon whip of venom!
You die...

.. . ...# #### # #...#
# . ... .#.. ....# ..#
..# .. ...#.###...#.#..
# #.#
.....#...$Λ#.....#. . #
.........ww\Λ... ......
...........V\│.... ....
.......@H....X........
.....#..A*.#.....
.x...# #..
##...###...## XX ## .
#....*#.....#/*>. #
.........X....wA/....
..............A§──###..
............... .##.##.
....#.....#.....##. ##
...# #...###...####.###


You could see a profane servitor, 2 tentacled starspawn, 2 wretched stars, a
harpy shaped shifter and 2 starspawn tentacles.

Vanquished Creatures
  A revenant (Abyss:2)
  A dire elephant (Lair:6)
  A boulder beetle (Lair:3)
  11 hydras
  A catoblepas (Lair:4)
  3 two-headed ogres
  4 death yaks
  A centaur warrior (D:10)
  A skeletal warrior (D:11)
  A lindwurm (Lair:5)
  23 elephants
  4 merfolk sirens (Lair:3)
  8 black mambas
  12 cane toads
  2 torpor snails
  4 rime drakes
  7 komodo dragons
  An ancient zyme (Abyss:2)
  4 trolls
  3 polar bears
  18 blink frogs
  Grinder (D:3)
  Sigmund (D:3)
  67 yaks
  4 wyverns
  2 basilisks
  A steam dragon (D:7)
  An acid dragon (D:11)
  34 water moccasins
  Duvessa (D:7)
  5 black bears
  2 orc warriors
  A hornet zombie (D:8)
  3 sky beasts
  A necrophage (D:7)
  3 ogres
  A centaur (D:9)
  3 phantoms
  2 kobold brigands (D:8)
  10 bullfrogs
  3 gnoll sergeants
  7 scorpions
  Dowan (D:7)
  14 killer bees
  5 wights (D:7)
  3 electric eels (Lair:2)
  3 centaur zombies
  A bullfrog zombie (D:6)
  3 orc priests
  2 hounds
  A bullfrog skeleton (D:5)
  A gnoll shaman (D:10)
  2 jellies (D:5)
  2 centaur skeletons
  Ijyb (D:3)
  3 iguanas
  6 orc wizards
  A mummy (D:7)
  21 gnolls
  20 adders
  2 shadow imps
  3 ufetubi
  5 worms
  A dart slug (D:1)
  16 orcs
  6 endoplasms
  6 giant cockroaches
  9 goblins
  7 hobgoblins
  12 jackals
  5 quokkas
  2 ball pythons
  5 bats
  4 frilled lizards
  2 hobgoblin zombies (D:7)
  14 kobolds
  2 kobold zombies (D:7)
  5 rats
460 creatures vanquished.

Vanquished Creatures (collateral kills)
  A death yak (Lair:2)
  A water moccasin (Lair:2)
2 creatures vanquished.

Vanquished Creatures (others)
  An orc wizard (D:7)
  23 fungi
  22 plants
  13 starspawn tentacles (Abyss:2)
59 creatures vanquished.

Grand Total: 521 creatures vanquished

Notes
Turn   | Place    | Note
-------+----------+-------------------------------------------
     0 | D:1      | Urokeeper the Minotaur Berserker began the quest for the
                  | Orb.
     0 | D:1      | Reached XP level 1. HP: 19/19 MP: 0/0
    44 | D:1      | Reached skill level 4 in Maces & Flails
    94 | D:1      | Reached XP level 2. HP: 26/26 MP: 1/1
   712 | D:1      | Found a faded altar of an unknown god.
   726 | D:1      | Reached skill level 5 in Maces & Flails
   853 | D:2      | Reached XP level 3. HP: 29/31 MP: 2/2
   948 | D:2      | Reached ** piety under Trog
   990 | D:2      | Noticed a black bear
   994 | D:2      | Killed a black bear
   995 | D:2      | Reached skill level 6 in Maces & Flails
   995 | D:2      | Reached XP level 4. HP: 39/39 MP: 3/3
  1140 | D:2      | Reached skill level 7 in Maces & Flails
  1140 | D:2      | Reached XP level 5. HP: 44/45 MP: 4/4
  1772 | D:3      | Found a shimmering altar of Xom.
  2041 | D:3      | Reached *** piety under Trog
  2042 | D:3      | Reached skill level 8 in Maces & Flails
  2054 | D:3      | Noticed Grinder
  2069 | D:3      | Paralysed by Grinder for 7 turns
  2083 | D:3      | Killed Grinder
  2084 | D:3      | Reached skill level 9 in Maces & Flails
  2084 | D:3      | Reached XP level 6. HP: 19/51 MP: 5/5
  2182 | D:3      | Noticed Ijyb
  2196 | D:3      | Killed Ijyb
  2396 | D:3      | Noticed Sigmund
  2405 | D:3      | Killed Sigmund
  2406 | D:3      | Reached skill level 10 in Maces & Flails
  2406 | D:3      | Reached XP level 7. HP: 57/57 MP: 6/6
  3422 | D:4      | Reached skill level 11 in Maces & Flails
  3769 | D:4      | Found a staircase to the Ecumenical Temple.
  4139 | D:4      | Identified a scroll of acquirement
  4141 | D:5      | Entered Level 5 of the Dungeon
  4199 | D:5      | Reached XP level 8. HP: 46/64 MP: 7/7
  4508 | D:5      | Reached skill level 12 in Maces & Flails
  5208 | D:6      | Reached skill level 13 in Maces & Flails
  6085 | D:7      | Reached XP level 9. HP: 68/70 MP: 8/8
  6114 | D:7      | Found Gozag's Platinum Reserve.
  6242 | D:7      | Reached skill level 14 in Maces & Flails
  6538 | D:7      | Found an ancient bone altar of Kikubaaqudgha.
  6580 | D:7      | Reached **** piety under Trog
  6643 | D:7      | Reached skill level 5 in Fighting
  6812 | D:7      | Noticed Duvessa
  6812 | D:7      | Noticed Dowan
  6819 | D:7      | Killed Dowan
  6825 | D:7      | Killed Duvessa
  6826 | D:7      | Reached skill level 5 in Armour
  7232 | D:7      | Found a blossoming altar of Fedhas.
  7295 | D:7      | Found an opulent altar of Gozag.
  7509 | D:7      | Gained mutation: [Armour fits poorly on your strangely
                  | shaped body.] [potion of mutation]
  7509 | D:7      | Gained mutation: You are partially covered in iridescent
                  | scales. (AC +2) [potion of mutation]
  7510 | D:7      | Lost mutation: You are partially covered in iridescent
                  | scales. (AC +2) [potion of mutation]
  7510 | D:7      | Lost mutation: [Armour fits poorly on your strangely shaped
                  | body.] [potion of mutation]
  7510 | D:7      | Gained mutation: You sometimes lose the ability to read
                  | scrolls when taking damage. [potion of mutation]
  7510 | D:7      | Gained mutation: Your muscles are strong. (Str +2) [potion
                  | of mutation]
  7510 | D:7      | Gained mutation: [Your magical capacity is low. (-10% MP)]
                  | [potion of mutation]
  7510 | D:7      | Gained mutation: Your muscles are very strong. (Str +4)
                  | [potion of mutation]
  7953 | D:8      | Found a staircase to the Lair.
  7953 | D:8      | Noticed a two-headed ogre
  7962 | D:8      | Killed a two-headed ogre
  7963 | D:8      | Reached XP level 10. HP: 79/86 MP: 8/8
  8153 | D:8      | Found a stormy altar of Qazlal.
  8397 | D:8      | Found a hazy altar of Hepliaklqana.
  8413 | D:8      | Found a sparkling altar of Nemelex Xobeh.
  8414 | D:8      | Found a shadowy altar of Dithmenos.
  8415 | D:8      | Found a glowing golden altar of the Shining One.
  8597 | D:8      | Reached skill level 5 in Dodging
  8912 | D:8      | Acquired the ring "Titoly" {Drain rN+ EV+4 Str+3 SInv}
  8922 | D:8      | Acquired a +3 great mace of holy wrath
  9028 | D:9      | Noticed a two-headed ogre
  9032 | D:9      | Killed a two-headed ogre
  9106 | D:9      | Reached skill level 15 in Maces & Flails
  9368 | D:9      | Identified the ring of Symmetry {rF+++ rN+ Will+++ Slay-2}
  9744 | D:10     | Entered Level 10 of the Dungeon
  9744 | D:10     | Found Kuutac's Assorted Antiques.
 10051 | D:10     | Found a burning altar of Makhleb.
 10051 | D:10     | Noticed a centaur warrior
 10062 | D:10     | Killed a centaur warrior
 10063 | D:10     | Reached skill level 16 in Maces & Flails
 10182 | D:10     | Reached XP level 11. HP: 75/94 MP: 8/8
 10545 | D:10     | Found Wous's Weapon Shoppe.
 10854 | D:11     | Reached ***** piety under Trog
 11073 | D:11     | Identified the +0 leather armour of Puafreama {rCorr}
 11118 | D:11     | Reached skill level 17 in Maces & Flails
 11559 | D:11     | Found Hubyegea's General Store.
 11636 | D:12     | Noticed a two-headed ogre
 11644 | D:12     | Killed a two-headed ogre
 11646 | D:12     | Noticed a seven-headed hydra
 11693 | D:12     | Killed a seven-headed hydra
 11746 | D:12     | Noticed a skeletal warrior
 11746 | D:12     | Noticed a skeletal warrior
 11746 | D:12     | Noticed a skeletal warrior
 11746 | D:12     | Noticed a skeletal warrior
 11746 | D:12     | Noticed a skeletal warrior
 11755 | D:11     | Killed a skeletal warrior
 11944 | Lair:1   | Entered Level 1 of the Lair of Beasts
 11971 | Lair:1   | Reached skill level 18 in Maces & Flails
 12018 | Lair:1   | Identified the +0 pair of gloves of Soft Rains {Harm Drain
                  | *Slow rC+++}
 12501 | Lair:1   | Reached skill level 19 in Maces & Flails
 12869 | Lair:2   | Noticed a death yak
 12869 | Lair:2   | Noticed a death yak
 12925 | Lair:2   | Reached XP level 12. HP: 101/101 MP: 9/9
 13202 | Lair:2   | Killed a death yak
 13204 | Lair:2   | Killed a death yak
 13566 | Lair:2   | Noticed a four-headed hydra
 13570 | Lair:2   | Killed a four-headed hydra
 13571 | Lair:2   | Reached skill level 20 in Maces & Flails
 14522 | Lair:2   | Noticed an eight-headed hydra
 14526 | Lair:2   | Killed an eight-headed hydra
 14827 | Lair:3   | Noticed a boulder beetle
 14875 | Lair:3   | Received a gift from Trog
 15065 | Lair:3   | Found a staircase to the Shoals.
 15067 | Lair:3   | Reached skill level 10 in Fighting
 15202 | Lair:3   | Reached XP level 13. HP: 95/113 MP: 10/10
 15341 | Lair:3   | Reached skill level 10 in Armour
 16153 | Lair:4   | Found a hole to the Spider Nest.
 16748 | Lair:5   | Received a gift from Trog
 17635 | Lair:5   | Found a viscous altar of Jiyva.
 17635 | Lair:5   | Found a staircase to the Slime Pits.
 17764 | Lair:6   | Entered Level 6 of the Lair of Beasts
 17775 | Lair:6   | Identified the ring of Panentheism {rF+ rN+}
 17779 | Lair:6   | Reached XP level 14. HP: 127/127 MP: 11/11
 18412 | Lair:6   | Cast into level 2 of the Abyss (a wizard)
 18458 | Abyss:2  | Noticed a tentacled starspawn
 18458 | Abyss:2  | Noticed a revenant
 18467 | Abyss:2  | Killed a revenant
 18493 | Abyss:2  | Noticed a tentacled starspawn
 18501 | Abyss:2  | Noticed a profane servitor
 18510 | Abyss:2  | Lost intelligence.
 18518 | Abyss:2  | Reached skill level 10 in Dodging
 18518 | Abyss:2  | Reached XP level 15. HP: 57/97 MP: 9/9
 18519 | Abyss:2  | Slain by a profane servitor

Illustrated notes

Levels and vault maps discovered:
D:1:      psy_arrival_statuary, layout_basic, chequers_ecumenical_altar_island,
          minmay_tetromino_s2
D:2:      layout_basic
D:3:      layout_basic, mainiacjoe_overflow_small_starburst, uniq_sigmund,
          uniq_ijyb, uniq_grinder
D:4:      layout_basic, minmay_temple_entry_statues_pillars, minmay_cut_off
D:5:      layout_loops_ring, minmay_misc_feat_alley
D:6:      layout_basic, serial_curves, eino_curves_03, eino_curves_02,
          eino_curves_04
D:7:      layout_loops_ring, fedhas_altar_fruit_tree,
          nicolae_gozag_zags_fifth_avenue, mainiacjoe_overflow_tiny_flanked,
          minmay_statues_item, minmay_mini_ossuary, uniq_duvessa
D:8:      layout_loops_corners, chequers_temple_overflow_statue_of_worship,
          general_overflow_altar, lair_entry_dummy
D:9:      layout_long_grid
D:10:     layout_basic, mainiacjoe_overflow_six_doors_small, serial_shops, shop,
          nicolae_inconvenience_store, kennysheep_small_spiral,
          kennysheep_crisscross
D:11:     layout_long_grid, serial_shops, nicolae_shop_crystal,
          gauntlet_entry_generic
D:12:     layout_roguey, orc_0_dummy, uniq_erolcha
Lair:1:   layout_small_grid
Lair:2:   lemuel_reptile_caves, layout_regular_city, serial_bayou_shore_a,
          serial_bayou_shore_b
Lair:3:   layout_regular_city, elwin_shoals_entry_stream, st_stairs_6
Lair:4:   layout_cave_shapes, nicolae_spider_entry_non_spiders,
          infiniplex_staircase_pool
Lair:5:   layout_regular_city, dpeg_slime_entry_enclosed_altar
Lair:6:   evil_forest, layout_big_grid, chequers_serial_rivers_micro_a,
          wad_woods_road_05
Abyss:2:  base: Lair:6, base: D:9, gammafunk_corrupted_shrine,
          evilmike_abyss_exit_glass

Skill      XL: |  1  2  3  4  5  6  7  8  9 10 11 12 13 14 |
---------------+-------------------------------------------+-----
Maces & Flails | 4 5 6 7 9 10 11 13 14 16 19 20 | 20.0
Fighting       | 7 10 12 14 | 14.7
Armour         | 6 7 9 12 14 | 14.5
Dodging        | 4 5 6 8 10 | 10.0

Action                   |  1- 3 |  4- 6 |  7- 9 | 10-12 | 13-15 || total
-------------------------+-------+-------+-------+-------+-------++-------
Melee: Mace              |    56 |    93 |   119 |       |       ||   268
       Headbutt          |     8 |    12 |    53 |    78 |    86 ||   237
       Flail             |       |       |   185 |    48 |       ||   233
       Great mace        |       |       |       |   309 |   319 ||   628
Invok: Berserk           |     1 |     3 |    10 |     7 |     4 ||    25
       Trog's Hand       |       |     2 |     1 |     4 |     6 ||    13
       Brothers in Arms  |       |       |       |     3 |       ||     3
  Use: Scroll            |       |     1 |     7 |    14 |     3 ||    25
       Potion            |       |       |     4 |     4 |     5 ||    13
 Stab: Sleeping          |     1 |       |       |       |       ||     1
Armor: Animal skin       |     6 |       |       |       |       ||     6
       Chain mail        |    16 |    41 |       |       |       ||    57
       Leather armour    |       |     1 |    62 |       |       ||    63
       Ring mail         |       |       |    11 |    77 |    97 ||   185
Dodge: Dodged            |    33 |    35 |   140 |   249 |   249 ||   706
